Map: Station d’habitation EC (Void)

Players

diamadoshi - Winner!

  • Race: Terran Terran
  • League: Diamond
  • Spawn Location: 11:00

Supremas

  • Race: Protoss Protoss
  • League: Diamond
  • Spawn Location: 1:00

VOD

Have the link to the VOD?

Description

Time

  • Played on: Jan. 17, 2017, 6:40 a.m.
  • Length: 7:08
Show
View Real Time Build Order
Export as new Build Order

diamadoshi Terran - Winner!

Build Orders: MMM Bio 

Get SALT Encoding   

  12  0:01  SCV  
  13  0:14  SCV  
  14  0:18  Supply Depot  
  14  0:26  SCV  
  15  0:39  SCV  
  15  0:41  Barracks  
  16  0:51  SCV  
  17  1:08  Refinery  
  17  1:11  SCV  
  18  1:27  Orbital Command  
  18  1:28  Marine  
  19  1:42  Command Center  
  19  1:55  SCV, Barracks  
  19  2:01  Barracks Reactor  
  20  2:08  SCV  
  21  2:11  Supply Depot  
  21  2:20  SCV  
  22  2:35  SCV  
  23  2:39  Marine x2  
  23  2:40  Bunker  
  23  2:43  Barracks Tech Lab  
  25  2:46  Barracks  
  25  2:50  SCV  
  26  2:56  Orbital Command  
  26  3:02  SCV  
  27  3:07  Marine x2  
  29  3:13  Stimpack  
  29  3:20  SCV  
  29  3:24  SCV  
  31  3:30  Marine x2  
  31  3:32  SCV  
  34  3:34  Barracks Reactor  
  34  3:35  Engineering Bay  
  34  3:41  SCV, Refinery  
  34  3:44  SCV  
  36  3:51  Factory  
  36  3:52  Marine x2  
  36  3:53  SCV  
  39  3:57  SCV  
  39  3:59  Supply Depot  
  40  4:06  Missile Turret  
  40  4:09  SCV x2, Missile Turret  
  42  4:18  Terran Infantry Weapons Level 1  
  42  4:20  Marine  
  42  4:21  SCV  
  42  4:23  Marine  
  46  4:28  SCV  
  46  4:33  SCV  
  47  4:40  SCV  
  47  4:43  Marine x5, Supply Depot  
  47  4:44  Supply Depot  
  53  4:45  SCV  
  53  4:49  Factory Reactor  
  53  4:50  Starport  
  54  4:58  Refinery  
  54  5:04  SCV x2, Marine x3  
  54  5:05  Marine, Supply Depot  
  54  5:06  Supply Depot  
  60  5:07  Marine  
  61  5:16  SCV  
  61  5:17  SCV, Combat Shields  
  63  5:24  Supply Depot  
  63  5:26  Marine x5  
  68  5:29  SCV x2  
  70  5:36  Supply Depot  
  70  5:37  Supply Depot  
  70  5:41  SCV x2  
  72  5:44  Medivac x2  
  72  5:45  Marine x2  
  72  5:46  Marine  
  72  5:47  Marine  
  72  5:48  Marine  
  81  5:56  SCV x2  
  83  6:03  Marine x2  
  85  6:08  SCV  
  85  6:10  Marine  
  87  6:11  Marauder, Marine  
  87  6:12  SCV  
  91  6:20  Medivac  
  91  6:21  SCV, Marine  
  91  6:22  Medivac  
  97  6:26  Marine  
  97  6:27  SCV  
  97  6:28  Marine  
  97  6:29  Command Center  
  100  6:36  Marine x2  
  100  6:39  Marine  
  103  6:43  SCV x2  
  103  6:44  Marine  
  103  6:46  Marine  
  107  6:55  SCV  
Show
View Real Time Build Order
Export as new Build Order

Supremas Protoss 

Build Orders: 1 Gate Expand, Colossus Rush 

Get SALT Encoding   

  12  0:00  Probe (Chrono Boost)  
  13  0:11  Probe (Chrono Boost)  
  14  0:19  Pylon  
  14  0:22  Probe (Chrono Boost)  
  15  0:37  Probe (Chrono Boost), Gateway  
  16  0:48  Probe (Chrono Boost)  
  17  0:50  Assimilator  
  17  0:58  Probe (Chrono Boost)  
  18  1:09  Probe (Chrono Boost)  
  19  1:20  Probe (Chrono Boost)  
  19  1:24  Nexus  
  20  1:36  Cybernetics Core  
  20  1:38  Probe (Chrono Boost)  
  21  1:45  Assimilator  
  21  1:54  Pylon  
  21  1:56  Probe (Chrono Boost)  
  22  2:07  Probe (Chrono Boost)  
  23  2:12  Stalker  
  25  2:18  Mothership Core (Chrono Boost)  
  25  2:22  Warp Gate  
  27  2:31  Pylon  
  27  2:37  Probe (Chrono Boost)  
  28  2:44  Probe (Chrono Boost)  
  28  2:48  Probe (Chrono Boost)  
  28  2:49  Robotics Facility  
  30  2:55  Probe (Chrono Boost)  
  32  2:58  Probe (Chrono Boost)  
  33  3:05  Probe (Chrono Boost), Gateway  
  33  3:10  Probe (Chrono Boost)  
  34  3:16  Probe (Chrono Boost)  
  35  3:20  Probe (Chrono Boost)  
  35  3:26  Probe (Chrono Boost)  
  37  3:30  Twilight Council  
  37  3:32  Probe (Chrono Boost)  
  38  3:34  Observer  
  38  3:38  Probe (Chrono Boost)  
  40  3:41  Stalker  
  40  3:44  Pylon, Probe (Chrono Boost)  
  43  3:50  Probe (Chrono Boost)  
  45  3:55  Pylon  
  45  3:56  Probe (Chrono Boost)  
  45  3:57  Observer  
  47  4:02  Probe (Chrono Boost)  
  47  4:05  Assimilator  
  47  4:08  Blink, Probe (Chrono Boost)  
  48  4:11  Assimilator  
  48  4:15  Probe (Chrono Boost)  
  49  4:21  Gateway  
  49  4:22  Gateway  
  49  4:30  Probe (Chrono Boost)  
  50  4:35  Probe (Chrono Boost)  
  51  4:41  Robotics Bay  
  51  4:42  Probe (Chrono Boost)  
  53  4:47  Probe (Chrono Boost)  
  53  4:50  Stalker  
  53  4:51  Pylon  
  55  4:54  Probe (Chrono Boost)  
  55  4:56  Forge  
  56  5:05  Probe (Chrono Boost)  
  57  5:11  Stalker  
  57  5:12  Gateway  
  59  5:15  Gateway  
  59  5:16  Stalker  
  59  5:21  Extended Thermal Lance, Probe (Chrono Boost)  
  62  5:25  Pylon  
  62  5:29  Colossus  
  68  5:37  Zealot  
  68  5:38  Zealot  
  72  5:45  Probe x2 (Chrono Boost)  
  74  5:56  Dark Shrine  
  74  5:58  Zealot  
  76  6:10  Zealot x3  
  82  6:32  Sentry x2  
  86  6:43  Pylon  
  86  6:44  Pylon x2  
  86  6:46  Pylon  
  86  6:48  Pylon  
  86  6:53  Pylon  
  72  7:03  Pylon  
  72  7:05  Pylon  
Tags
 
Add a new tag
Caveats
  • Supply blocks, unpowered buildings, or Contaminate may cause inaccurate times.
  • Supply counts are checked every 10 seconds.